 Seeded DCSS version 0.30-a0-279-g4b46babb21 (webtiles) character file.

Game seed: 4790075131584116458 (custom seed)

3775 purpskrrrp the Protected (level 10, 0/80 HPs)
             Began as a Formicid Hunter on Oct 16, 2022.
             Was an Initiate of Ru.
             Succumbed to a gnoll sergeant's poison
             ... on level 7 of the Dungeon.
             The game lasted 00:21:13 (7984 turns).

purpskrrrp the Protected (Formicid Hunter)          Turns: 7984, Time: 00:21:13

Health: 0/80       AC: 31    Str: 18    XL:     10   Next: 38%
Magic:  19/19      EV:  4    Int: 15    God:    Ru [......]
Gold:   248        SH:  0    Dex: 19    Spells: 9/9 levels left

rFire   . . .      SeeInvis +    D - +8 war axe "Ditayr" {drain, *Rage rElec rC+ Will+}
rCold   + . .      Faith    .    (no shield)
rNeg    . . .      Spirit   .    e - +6 crystal plate armour of Ettih {MP+9}
rPois   .          Reflect  .    (helmet unavailable)
rElec   +          Harm     .    u - +0 cloak
rCorr   .          Rampage  +    C - +0 pair of gloves
Will    +++..                    G - +0 pair of boots {rampage}
Stlth   ..........               (no amulet)
HPRegen 0.33/turn                y - ring of willpower
MPRegen 0.16/turn                t - +6 ring of intelligence

@: mighty, lethally poisoned (0 -> -18)
A: permanent stasis, dig shafts and tunnels, antennae 3, four strong arms
a: Dig, Shaft Self, Renounce Religion


You were on level 7 of the Dungeon.
You worshipped Ru.
Ru was noncommittal.
You visited 2 branches of the dungeon, and saw 8 of its levels.
You also visited: Ossuary.

You collected 486 gold pieces.
You spent 238 gold pieces at shops.

Inventory:

Hand Weapons
 a - a +0 vorpal shortbow
 h - a +0 battleaxe
 r - the +6 dagger "Miamn" {drain, rN+ Int-4 Dex+4}
   (You found it on level 3 of the Dungeon)

   A truly terrible weapon, it drains the life of any living foe it strikes.
   Int:       It affects your intelligence (-4).
   Dex:       It affects your dexterity (+4).
   rN:        It protects you from negative energy.
 v - a +3 quarterstaff of chaos
 D - the +8 war axe "Ditayr" (weapon) {drain, *Rage rElec rC+ Will+}
   (You bought it in a shop on level 6 of the Dungeon)

   A truly terrible weapon, it drains the life of any living foe it strikes.
   rC:        It protects you from cold.
   rElec:     It insulates you from electricity.
   *Rage:     It berserks you when you make melee attacks (+20% chance).
   Will:      It increases your willpower.
Missiles
 n - a throwing net
Armour
 c - a +1 leather armour
 e - the +6 crystal plate armour of Ettih (worn) {MP+9}
   (You acquired it on level 2 of the Dungeon)

   MP:        It affects your magic capacity (+9).
 u - a +0 cloak (worn)
 B - the +0 chain mail of Jogoleobb {rC- rN+++}
   (You found it on level 5 of the Dungeon)

   rC:        It makes you vulnerable to cold.
   rN:        It renders you almost immune to negative energy.
 C - a +0 pair of gloves (worn)
 G - a +0 pair of boots of rampaging (worn)
Jewellery
 t - a +6 ring of intelligence (right hand)
 y - a ring of willpower (left hand)
 H - a ring of ice
Wands
 f - a wand of quicksilver (8)
Scrolls
 b - a scroll of immolation
 d - 3 scrolls of amnesia
 g - 2 scrolls of enchant armour
 i - 6 scrolls of teleportation
 k - 3 scrolls of butterflies
 F - a scroll of magic mapping
Potions
 j - 4 potions of flight
 l - 2 potions of resistance
 o - 3 potions of brilliance
 p - a potion of cancellation
 q - 2 potions of curing
 s - 2 potions of degeneration
 w - 3 potions of haste
 x - 4 potions of lignification
 z - a potion of attraction {unknown}
 A - a potion of magic {unknown}


   Skills:
 + Level 7.8 Fighting
 - Level 1.7 Short Blades
 + Level 2.9 Axes
 - Level 5.4 Staves
 - Level 5.6 Ranged Weapons
 * Level 10.6 Armour
 - Level 1.7 Dodging
 - Level 1.2 Stealth


You had 9 spell levels left.
You didn't know any spells.
Your spell library contained the following spells:

 Spells                   Type           Power      Damage    Failure   Level
 Shock                    Conj/Air       0%         1d3       100%        1
 Sting                    Tmut/Pois      0%         1d3       100%        1
 Poisonous Vapours        Pois/Air       0%         N/A       100%        2
 Gell's Gravitas          Tloc           0%         N/A       100%        3
 Ozocubu's Armour         Ice            0%         N/A       100%        3
 Teleport Other           Tloc           0%         N/A       100%        3
 Airstrike                Air            0%         2d(0-16)  100%        4
 Olgreb's Toxic Radiance  Pois           0%         N/A       100%        4
 Yara's Violent Unravell  Hex/Tmut       0%         3d3       100%        5
 Dispersal                Tloc           0%         N/A       100%        6
 Enfeeble                 Hex            0%         N/A       100%        7
 Ozocubu's Refrigeration  Ice            0%         4d7       100%        7
 Swiftness                Air            Unusable   N/A       N/A         3

Dungeon Overview and Level Annotations

Branches:
Dungeon (7/15)             Temple (1/1) D:6         Ossuary (visited)

Altars:
Ashenzari
Cheibriados
Dithmenos
Fedhas
Gozag
Kikubaaqudgha
Makhleb
Okawaru
Ru
Sif Muna
Trog
Uskayaw
Xom
Yredelemnul
The Shining One

Shops:
D:6 (

Annotations:
D:3 2 transporters
D:6 2 transporters
D:7 1 transporter, glaedl's ghost, novice DrBe
Temple 4 transporters


Innate Abilities, Weirdness & Mutations

You cannot be hasted, slowed, berserked, paralysed or teleported.
You can dig through walls and to a lower floor.
You have a pair of large antennae on your head. (SInv)
Your four strong arms can wield two-handed weapons with a shield.


Message History

You tear a large gash into the net.
The gnoll completely misses you.
You struggle against the net.
The gnoll hits you but does no damage.
You struggle against the net.
The gnoll hits you from afar with a +2 halberd of electrocution!
You struggle against the net.
The gnoll sergeant hits you but does no damage.
You are poisoned.
The gnoll hits you but does no damage.
You rip the net and break free!
You feel very sick.
The gnoll sergeant hits you but does no damage.
You are more poisoned.
The gnoll hits you but does no damage.
The gnoll bouda gazes fiercely through you!
You feel your attacks grow feeble.
You rampage towards the gnoll!
You slash the gnoll! You drain the gnoll.
The gnoll is almost dead.
You feel very sick. The gnoll hits you but does no damage.
You closely miss the gnoll.
The gnoll is almost dead.
You feel very sick.
The gnoll sergeant hits you from afar with a +0 spear of venom.
You are more poisoned.
The gnoll hits you but does no damage.
The gnoll sergeant hits you from afar with a +0 spear of venom!
* * * LOW HITPOINT WARNING * * *
You are lethally poisoned!
You slash the gnoll!
You kill the gnoll!
* * * LOW HITPOINT WARNING * * *
You feel extremely sick.
The gnoll's inner flame fades away.
The gnoll sergeant hits you from afar with a +0 spear of venom.
* * * LOW HITPOINT WARNING * * *
* * * LOW HITPOINT WARNING * * *
You feel very sick.
You see here a +2 halberd of electrocution.
Your attacks no longer feel as feeble.
You die...

........####.###.###.######.# #.
...####..........##..#......####.
...# #...........................
...# #.≈≈≈≈≈≈≈≈≈≈≈≈~≈≈≈≈≈≈≈≈≈≈≈≈.
...###.≈≈≈≈≈≈≈≈≈≈≈≈~≈≈≈≈≈≈≈≈≈≈≈≈.
#.##.).≈≈#####...........#####≈≈.
#......≈≈#.8.#.###.©.###.#.8g#≈≈.
...#...≈≈#.$.###.#####©###.gg#≈≈.
.#.....≈≈###.g))@.......{..###≈≈.
.......≈≈.8#g######'######.#8.≈≈.
..##...≈≈.##{#g⌠.#..8# {{#g##.≈≈.
#).....~~.#.Wgg....g⌠# .'gg#.~~.
#......≈≈.##.#.⌠.#..8#gg.#{##.≈≈.
#)##...≈≈.8#.######'######.#8.≈≈.
)<)....≈≈###...............###≈≈.
.......≈≈#...###.#####.###...#≈≈.
.......≈≈#.8.#.###.©.###.#.8.#≈≈.


You could see 2 gnoll sergeants and a gnoll bouda.

Vanquished Creatures
  Grinder (D:5)
  A vampire (D:5)
  A steam dragon (D:7)
  An ice beast (D:7)
  2 black bears
  An orc warrior (D:7)
  A centaur (D:6)
  3 phantoms
  A kobold brigand (D:7)
  Blork the orc (D:4)
  A necrophage (D:5)
  2 bullfrogs
  8 scorpions
  A gnoll sergeant (D:6)
  3 wights (D:6)
  11 electric eels
  A howler monkey (D:7)
  A centaur zombie (Ossuary)
  4 hounds
  Crazy Yiuf (D:4)
  3 human zombies (Ossuary)
  3 orc priests
  Natasha (thrice) (D:3)
  8 iguanas
  6 scorpion zombies (Ossuary)
  5 orc wizards
  3 mummies (Ossuary)
  9 gnolls
  7 adders
  A shadow imp (D:7)
  3 white imps
  2 worms
  2 dart slugs
  17 orcs
  3 ball pythons (D:2)
  4 endoplasms
  2 giant cockroaches
  5 goblins
  9 hobgoblins
  10 kobolds
  4 quokkas
  4 goblin zombies (Ossuary)
  A hobgoblin zombie (Ossuary)
  2 kobold zombies (Ossuary)
  2 orc zombies (Ossuary)
164 creatures vanquished.

Vanquished Creatures (others)
  21 plants
21 creatures vanquished.

Grand Total: 185 creatures vanquished

Notes
Turn   | Place    | Note
-------+----------+-------------------------------------------
     0 | D:1      | purpskrrrp the Formicid Hunter began the quest for the Orb.
     0 | D:1      | Reached XP level 1. HP: 16/16 MP: 1/1
   250 | D:1      | Reached XP level 2. HP: 22/22 MP: 2/2
   962 | D:2      | Reached XP level 3. HP: 27/27 MP: 3/3
  1165 | D:2      | Identified the +1 ring mail of Boiling Hail {rPois rN+
                  | Dex-4}
  1471 | D:2      | Identified a scroll of acquirement
  1471 | D:2      | Acquired the +6 crystal plate armour of Ettih {MP+9}
  1575 | D:3      | Reached skill level 5 in Ranged Weapons
  1621 | D:3      | Noticed Natasha
  1627 | D:3      | Killed Natasha
  1628 | D:3      | Reached XP level 4. HP: 27/33 MP: 4/4
  1737 | D:3      | Found a transporter.
  1917 | D:3      | Found a transporter.
  1972 | D:3      | Identified the +6 dagger "Miamn" {drain, rN+ Int-4 Dex+4}
  1977 | D:3      | Noticed Natasha
  1982 | D:3      | Killed Natasha
  1983 | D:3      | Reached skill level 1 in Armour
  2093 | D:3      | Noticed Natasha
  2096 | D:3      | Killed Natasha
  2097 | D:3      | Reached XP level 5. HP: 37/39 MP: 5/5
  2258 | D:3      | Found a hide-covered altar of Uskayaw.
  2522 | D:4      | Reached skill level 2 in Armour
  2541 | D:4      | Noticed Blork the orc
  2545 | D:4      | Reached skill level 1 in Short Blades
  2556 | D:4      | Killed Blork the orc
  2557 | D:4      | Reached skill level 3 in Armour
  2557 | D:4      | Reached XP level 6. HP: 26/47 MP: 6/6
  2968 | D:4      | Found a runed translucent door.
  2969 | D:4      | Noticed Crazy Yiuf
  3248 | D:4      | Killed Crazy Yiuf
  3359 | D:5      | Entered Level 5 of the Dungeon
  3368 | D:5      | Reached skill level 4 in Armour
  3368 | D:5      | Reached XP level 7. HP: 46/52 MP: 7/7
  3377 | D:5      | Reached skill level 1 in Staves
  3397 | D:5      | Identified the +3 leather armour "Jethyun" {Harm Stlth+}
  3410 | D:5      | Noticed Grinder
  3425 | D:5      | Killed Grinder
  3426 | D:5      | Reached skill level 5 in Armour
  3426 | D:5      | Found a sand-covered staircase.
  3453 | Ossuary  | Entered an ossuary
  3470 | Ossuary  | Reached XP level 8. HP: 60/61 MP: 8/8
  3518 | Ossuary  | Reached skill level 6 in Armour
  3634 | Ossuary  | Reached skill level 5 in Fighting
  3845 | Ossuary  | Reached skill level 7 in Armour
  3955 | Ossuary  | Reached XP level 9. HP: 36/68 MP: 9/9
  4333 | D:5      | Found a shadowy altar of Dithmenos.
  4596 | D:5      | Reached skill level 8 in Armour
  4947 | D:5      | HP: 2/69 [electric eel/bolt of electricity (13)]
  5785 | D:5      | Identified the +0 chain mail of Jogoleobb {rC- rN+++}
  6102 | D:6      | Reached skill level 5 in Staves
  6102 | D:6      | Reached skill level 9 in Armour
  6552 | D:6      | Found a staircase to the Ecumenical Temple.
  6598 | D:6      | Found Waisiy Povo's Antique Weapon Emporium.
  6606 | D:6      | Bought an ivory war axe for 238 gold pieces
  6606 | D:6      | Identified the +8 war axe "Ditayr" {drain, *Rage rElec rC+
                  | Will+} (You bought it in a shop on level 6 of the Dungeon)
  6644 | D:6      | Found a transporter.
  6645 | D:6      | Found a transporter.
  6713 | D:6      | Reached XP level 10. HP: 77/79 MP: 10/10
  6720 | D:6      | Reached skill level 1 in Axes
  7040 | Temple   | Entered the Ecumenical Temple
  7040 | Temple   | Found a transporter.
  7040 | Temple   | Found a transporter.
  7042 | Temple   | Found a transporter.
  7042 | Temple   | Found a transporter.
  7058 | Temple   | Became a worshipper of Ru the Awakened
  7125 | D:7      | Reached skill level 10 in Armour
  7455 | D:7      | Found a transporter.
  7457 | D:7      | Identified the ring of Xaituw {+Blink rC+ rCorr MP+9
                  | Slay-3}
  7479 | D:7      | Noticed glaedl's ghost (novice DrBe)
  7502 | D:7      | Found a transporter.
  7984 | D:7      | Succumbed to a gnoll sergeant's poison

Illustrated notes

Levels and vault maps discovered:
D:1:      amcnicky_arrival_gap_in_the_tavern_cellar, layout_basic
D:2:      layout_basic
D:3:      gammafunk_wand_slinger, layout_basic, lemuel_tele_altar,
          lightli_corner_chamber, uniq_natasha
D:4:      corexii_shack_village, layout_rooms, uniq_crazy_yiuf_cottage,
          uniq_blork_the_orc
D:5:      cheibrodos_two_vegetables, layout_basic, grunt_dithmenos_smoke,
          enter_ossuary_1, serial_park_tiny_1, due_unseen_surprise, uniq_grinder
D:6:      gammafunk_steamed_eel, layout_loops_cross, minmay_temple_entry_waves,
          serial_shops, nicolae_shop_advertising_works
          [nicolae_subvault_shop_adworks], serial_bayou_lagoon_b
D:7:      layout_loops_cross, gammafunk_ghost_gnarly_gnolls, kennysheep_dice
Temple:   hellmonk_temple_divided_pantheon

Skill      XL: |  1  2  3  4  5  6  7  8  9 10 |
---------------+-------------------------------+-----
Ranged Weapons | 5 |  5.6
Armour         | 1 3 4 5 7 9 10 | 10.6
Short Blades   | 1 |  1.7
Fighting       | 3 4 5 7 |  7.8
Staves         | 2 3 5 |  5.4
Axes           | 2 |  2.9
Dodging        | |  1.7
Stealth        | |  1.2

Action                   |  1- 3 |  4- 6 |  7- 9 | 10-12 || total
-------------------------+-------+-------+-------+-------++-------
Melee: Dagger            |       |    32 |       |       ||    32
       Battleaxe         |       |    70 |       |       ||    70
       Quarterstaff      |       |     3 |   315 |       ||   318
       War axe           |       |       |     6 |    86 ||    92
       Punch             |       |       |     5 |     1 ||     6
 Fire: Shortbow          |    57 |    11 |    48 |       ||   116
 Abil: Dig               |     1 |       |     2 |       ||     3
Evoke: Wand              |       |       |       |    17 ||    17
  Use: Scroll            |     8 |     9 |     5 |     5 ||    27
       Potion            |       |       |     7 |     7 ||    14
 Stab: Confused          |       |       |     1 |       ||     1
       Petrified         |       |       |     3 |       ||     3
       Petrifying        |       |       |     1 |       ||     1
Armor: Leather armour    |     1 |       |       |       ||     1
       Crystal plate arm |     7 |   131 |   432 |   131 ||   701
Dodge: Dodged            |     4 |     4 |    43 |    30 ||    81

Table legend: (Time is in decaauts)
 A = Elapsed time spent in this place.
 B = Non-inter-level travel time spent in this place.
 C = Inter-level travel time spent in this place.
 D = Time resting spent in this place.
 E = Time spent auto-exploring this place.
 F = Levels seen in this place.
 G = Mean time per level.
                   A        B        C        D        E       F      G
               +--------+--------+--------+--------+--------+-----+--------+
         Total |   8254 |   7773 |    481 |   1513 |   4505 |   9 |  917.1 |
       Dungeon |   7476 |   7012 |    464 |   1477 |   4102 |   7 | 1068.0 |
        Temple |     36 |     19 |     17 |      0 |      6 |   1 |   36.0 |
       Ossuary |    740 |    740 |      0 |     36 |    397 |   1 |  740.0 |
               +--------+--------+--------+--------+--------+-----+--------+

Top non-repeatable levels by time:
     D:5: 1816 daAuts
     D:6: 1162 daAuts
     D:3: 1103 daAuts
     D:4: 921 daAuts
     D:7: 904 daAuts
     D:2: 823 daAuts
     D:1: 744 daAuts
 Ossuary: 740 daAuts
  Temple: 36 daAuts
